SL
BUCKHEAD BOWTIES @ NEW AMSTERDAM REPUBLICS
08/13/2025
 
TOP OF THE 1ST
Buckhead Bowties batting - Pitching for New Amsterdam Republics : RHP Bobby Swain
Pitching: RHP Bobby Swain
Batting: RHB Dave King 0-0: Called Strike
0-1: Called Strike
0-2: Ball
1-2: Ball
2-2: Strikes out swinging
Batting: LHB Gregg Young 0-0: Called Strike
0-1: Ball
1-1: Ball
2-1: Fly out, F8 (Flyball, 89M)
Batting: LHB Manuel Carmona 0-0: Ball
1-0: Called Strike
1-1: Ball
2-1: Called Strike
2-2: Ball
3-2: Ground out 3-1 (Groundball, 34)
Top of the 1st over - 0 run(s), 0 hit(s), 0 error(s), 0 left on base; Buckhead 0 - New Amsterdam 0
BOTTOM OF THE 1ST
New Amsterdam Republics batting - Pitching for Buckhead Bowties : RHP Germán Rodríguez
Pitching: RHP Germán Rodríguez
Batting: RHB Enrique Morales 0-0: Ball
1-0: Called Strike
1-1: Fly out, F5 (Line Drive, 56S)
Batting: RHB Alfredo Suárez 0-0: Called Strike
0-1: Ball
1-1: Ball
2-1: Called Strike
2-2: Ball
3-2: Ground out 5-3 (Groundball, 56S)
Batting: RHB Hank Wilder 0-0: Ball
1-0: Ball
2-0: Ball
3-0: Called Strike
3-1: Base on Balls
Batting: LHB Félix López 0-0: Ball
1-0: Ball
2-0: Called Strike
2-1: Ball
3-1: Base on Balls
Hank Wilder to second
Batting: RHB António Pérez 0-0: Ball
1-0: Called Strike
1-1: DOUBLE (Flyball, 9LM)
Hank Wilder scores
Félix López to third
Batting: LHB Eric Ward 0-0: Ball
1-0: Foul Ball, location: 2F
1-1: Foul Ball, location: 2F
1-2: Strikes out swinging
Bottom of the 1st over - 1 run(s), 1 hit(s), 0 error(s), 2 left on base; Buckhead 0 - New Amsterdam 1
TOP OF THE 2ND
Buckhead Bowties batting - Pitching for New Amsterdam Republics : RHP Bobby Swain
Batting: LHB Tony Martínez 0-0: Fly out, F9 (Flyball, 89S)
Batting: RHB Gabriel Rodríguez 0-0: Foul Ball, location: 2F
0-1: Foul Ball, location: 2F
0-2: Foul Ball, location: 2F
0-2: Ball
1-2: Ball
2-2: Ball
3-2: Fly out, F9 (Flyball, 9S)
Batting: LHB Mysterious Walker 0-0: Ball
1-0: Called Strike
1-1: Foul Ball, location: 2F
1-2: Strikes out looking
Top of the 2nd over - 0 run(s), 0 hit(s), 0 error(s), 0 left on base; Buckhead 0 - New Amsterdam 1
BOTTOM OF THE 2ND
New Amsterdam Republics batting - Pitching for Buckhead Bowties : RHP Germán Rodríguez
Batting: RHB Cory Hansen 0-0: Ground out 5-3 (Groundball, 56)
Batting: RHB Ed Hopkins 0-0: Ball
1-0: Foul Ball, location: 2F
1-1: Ball
2-1: Ground out 5-3 (Groundball, 56)
Batting: RHB John Burton 0-0: Ball
1-0: Swinging Strike
1-1: Swinging Strike
1-2: Ball
2-2: Ball
3-2: Strikes out swinging
Bottom of the 2nd over - 0 run(s), 0 hit(s), 0 error(s), 0 left on base; Buckhead 0 - New Amsterdam 1
TOP OF THE 3RD
Buckhead Bowties batting - Pitching for New Amsterdam Republics : RHP Bobby Swain
Batting: LHB Harrison Jones 0-0: Swinging Strike
0-1: Called Strike
0-2: Strikes out looking
Batting: RHB Mike Brown 0-0: Called Strike
0-1: Ball
1-1: Ball
2-1: Swinging Strike
2-2: Ball
3-2: Foul Ball, location: 2F
3-2: Base on Balls
Batting: RHB Israel Sanders 0-0: Ball
Mike Brown steals 2nd base
1-0: Ball
2-0: SINGLE (Line Drive, 7S)
Mike Brown to third
Batting: RHB Dave King 0-0: Ball
1-0: Called Strike
1-1: Foul Ball, location: 2F
1-2: Foul Ball, location: 2F
1-2: Foul Ball, location: 2F
1-2: Ball
2-2: Ball
3-2: Base on Balls
Israel Sanders to second
Batting: LHB Gregg Young 0-0: Ground out 5-3 (Groundball, 56S)
Mike Brown scores
Israel Sanders to third
Dave King to second
Batting: LHB Manuel Carmona 0-0: Swinging Strike
0-1: SINGLE (Flyball, 7S)
Israel Sanders scores
Dave King to third
Runner from 3rd tries for Home, throw and OUT!
Top of the 3rd over - 2 run(s), 2 hit(s), 0 error(s), 1 left on base; Buckhead 2 - New Amsterdam 1
BOTTOM OF THE 3RD
New Amsterdam Republics batting - Pitching for Buckhead Bowties : RHP Germán Rodríguez
Batting: RHB Enrique Morales 0-0: Ball
1-0: Swinging Strike
1-1: Foul Ball, location: 2F
1-2: Ball
2-2: Foul Ball, location: 2F
2-2: Ball
3-2: Foul Ball, location: 2F
3-2: Strikes out swinging
Batting: RHB Alfredo Suárez 0-0: Bunted foul
0-1: Ball
1-1: Ball
2-1: Ball
3-1: SOLO HOME RUN (Line Drive, 7D), Distance : 388 ft
Batting: RHB Hank Wilder 0-0: Called Strike
0-1: Ball
1-1: Ball
2-1: Fly out, F7 (Flyball, 78S)
Batting: LHB Félix López 0-0: Ball
1-0: Ball
2-0: Ball
3-0: Base on Balls
Batting: RHB António Pérez 0-0: Called Strike
0-1: Swinging Strike
0-2: Strikes out swinging
Bottom of the 3rd over - 1 run(s), 1 hit(s), 0 error(s), 1 left on base; Buckhead 2 - New Amsterdam 2
TOP OF THE 4TH
Buckhead Bowties batting - Pitching for New Amsterdam Republics : RHP Bobby Swain
Batting: LHB Tony Martínez 0-0: Swinging Strike
0-1: Fly out, F9 (Line Drive, 9)
Batting: RHB Gabriel Rodríguez 0-0: Called Strike
0-1: Ball
1-1: Foul Ball, location: 2F
1-2: Ball
2-2: Foul Ball, location: 2F
2-2: Ball
3-2: Ground out 5-3 (Groundball, 56)
Batting: LHB Mysterious Walker 0-0: Called Strike
0-1: Swinging Strike
0-2: Ball
1-2: Strikes out swinging, 2-3 out at first.
Top of the 4th over - 0 run(s), 0 hit(s), 0 error(s), 0 left on base; Buckhead 2 - New Amsterdam 2
BOTTOM OF THE 4TH
New Amsterdam Republics batting - Pitching for Buckhead Bowties : RHP Germán Rodríguez
Batting: LHB Eric Ward 0-0: Called Strike
0-1: Ball
1-1: Ball
2-1: Swinging Strike
2-2: Strikes out swinging
Batting: RHB Cory Hansen 0-0: Called Strike
0-1: Ball
1-1: Ball
2-1: Called Strike
2-2: Ground out 1-3 (Groundball, 15S)
Batting: RHB Ed Hopkins 0-0: SINGLE (Flyball, 89S)
Batting: RHB John Burton 0-0: Called Strike
0-1: Fly out, F8 (Line Drive, 78M)
Bottom of the 4th over - 0 run(s), 1 hit(s), 0 error(s), 1 left on base; Buckhead 2 - New Amsterdam 2
TOP OF THE 5TH
Buckhead Bowties batting - Pitching for New Amsterdam Republics : RHP Bobby Swain
Batting: LHB Harrison Jones 0-0: Called Strike
0-1: Foul Ball, location: 2F
0-2: Foul Ball, location: 2F
0-2: Ground out 4-3 (Groundball, 4)
Batting: RHB Mike Brown 0-0: Ball
1-0: Ball
2-0: Ball
3-0: Base on Balls
Batting: RHB Israel Sanders 0-0: Swinging Strike
0-1: Ball
1-1: Ball
2-1: Swinging Strike
2-2: Foul Ball, location: 2F
2-2: Fly out, F8 (Flyball, 8LXD)
Runner from 1st tags up, SAFE at 2nd
Batting: RHB Dave King 0-0: Called Strike
0-1: Ball
1-1: Ground out 6-3 (Groundball, 6)
Top of the 5th over - 0 run(s), 0 hit(s), 0 error(s), 1 left on base; Buckhead 2 - New Amsterdam 2
BOTTOM OF THE 5TH
New Amsterdam Republics batting - Pitching for Buckhead Bowties : RHP Germán Rodríguez
Batting: RHB Enrique Morales 0-0: Ball
1-0: Called Strike
1-1: Foul Ball, location: 2F
1-2: Foul Ball, location: 2F
1-2: Ground out 5-3 (Groundball, 56S)
Batting: RHB Alfredo Suárez 0-0: Foul Ball, location: 2F
0-1: DOUBLE (Flyball, 78XD)
Batting: RHB Hank Wilder 0-0: Ground out 6-3 (Groundball, 6)
Batting: LHB Félix López 0-0: Foul Ball, location: 2F
0-1: Ball
1-1: Foul Ball, location: 2F
1-2: Foul Ball, location: 2F
1-2: Fly out, F7 (Line Drive, 7)
Bottom of the 5th over - 0 run(s), 1 hit(s), 0 error(s), 1 left on base; Buckhead 2 - New Amsterdam 2
TOP OF THE 6TH
Buckhead Bowties batting - Pitching for New Amsterdam Republics : RHP Bobby Swain
Batting: LHB Gregg Young 0-0: Swinging Strike
0-1: Ball
1-1: Ball
2-1: Foul Ball, location: 2F
2-2: Foul Ball, location: 2F
2-2: Ball
3-2: Base on Balls
Batting: LHB Manuel Carmona 0-0: Swinging Strike
0-1: Fly out, F7 (Flyball, 78M)
Batting: LHB Tony Martínez 0-0: Called Strike
0-1: Fly out, F9 (Flyball, 89M)
Batting: RHB Gabriel Rodríguez 0-0: Ball
1-0: Ball
2-0: SINGLE (Line Drive, 78S)
Gregg Young to second
Batting: LHB Mysterious Walker 0-0: Fly out, F8 (Flyball, 8LM)
Top of the 6th over - 0 run(s), 1 hit(s), 0 error(s), 2 left on base; Buckhead 2 - New Amsterdam 2
BOTTOM OF THE 6TH
New Amsterdam Republics batting - Pitching for Buckhead Bowties : RHP Germán Rodríguez
Batting: RHB António Pérez 0-0: Called Strike
0-1: Called Strike
0-2: Foul Ball, location: 2F
0-2: Ground out 5-3 (Groundball, 56S)
Batting: LHB Eric Ward 0-0: Ball
1-0: Called Strike
1-1: Called Strike
1-2: Strikes out looking
Batting: RHB Cory Hansen 0-0: Called Strike
0-1: Ground out 4-3 (Groundball, 4)
Bottom of the 6th over - 0 run(s), 0 hit(s), 0 error(s), 0 left on base; Buckhead 2 - New Amsterdam 2
TOP OF THE 7TH
Buckhead Bowties batting - Pitching for New Amsterdam Republics : RHP Bobby Swain
Batting: LHB Harrison Jones 0-0: Ball
1-0: DOUBLE (Line Drive, 78M)
Pinch Hitting: RHB Enrique Marroquín 0-0: Intentional Walk
Pinch Hitting: RHB Chris Smith 0-0: Called Strike
0-1: Ball
1-1: Swinging Strike
1-2: Foul Ball, location: 2F
1-2: Ball
2-2: Strikes out swinging
Batting: RHB Dave King 0-0: Ball
1-0: Called Strike
1-1: Called Strike
1-2: Grounds into double play, 6-4-3 (Groundball, 6)
Top of the 7th over - 0 run(s), 1 hit(s), 0 error(s), 1 left on base; Buckhead 2 - New Amsterdam 2
BOTTOM OF THE 7TH
New Amsterdam Republics batting - Pitching for Buckhead Bowties : RHP Germán Rodríguez
Now at 1B: Chris Smith
Now at 2B: Enrique Marroquín
Pinch Hitting: LHB Steve Ingram 0-0: Ball
1-0: Called Strike
1-1: SOLO HOME RUN (Flyball, 9D), Distance : 369 ft
Batting: RHB John Burton 0-0: Called Strike
0-1: Ball
1-1: Swinging Strike
1-2: Strikes out looking
Batting: RHB Enrique Morales 0-0: Called Strike
0-1: Ball
1-1: Ball
2-1: Ball
3-1: Foul Ball, location: 2F
3-2: Foul Ball, location: 2F
3-2: Fly out, F7 (Flyball, 7LSF)
Batting: RHB Alfredo Suárez 0-0: Foul Ball, location: 2F
0-1: Fly out, F9 (Flyball, 89M)
Bottom of the 7th over - 1 run(s), 1 hit(s), 0 error(s), 0 left on base; Buckhead 2 - New Amsterdam 3
TOP OF THE 8TH
Buckhead Bowties batting - Pitching for New Amsterdam Republics : RHP Bobby Swain
Now in LF: Steve Ingram
Batting: LHB Gregg Young 0-0: Ball
1-0: Called Strike
1-1: Foul Ball, location: 2F
1-2: Foul Ball, location: 2F
1-2: Strikes out looking
Batting: LHB Manuel Carmona 0-0: Ball
1-0: Foul Ball, location: 2F
1-1: Ground out 4-3 (Groundball, 4S)
Batting: LHB Tony Martínez 0-0: Called Strike
0-1: Ball
1-1: Foul Ball, location: 2F
1-2: Strikes out swinging
Top of the 8th over - 0 run(s), 0 hit(s), 0 error(s), 0 left on base; Buckhead 2 - New Amsterdam 3
BOTTOM OF THE 8TH
New Amsterdam Republics batting - Pitching for Buckhead Bowties : RHP Germán Rodríguez
Batting: RHB Hank Wilder 0-0: Ball
1-0: Foul Ball, location: 2F
1-1: Foul Ball, location: 2F
1-2: Foul Ball, location: 2F
1-2: Ball
2-2: Ground out 5-3 (Groundball, 56)
Batting: LHB Félix López 0-0: Ball
1-0: Swinging Strike
1-1: Ball
2-1: Foul Ball, location: 2F
2-2: Foul Ball, location: 2F
2-2: Foul Ball, location: 2F
2-2: Foul Ball, location: 2F
2-2: Foul Ball, location: 2F
2-2: Ball
3-2: Base on Balls
Pitching: RHP Frank Walker
Batting: RHB António Pérez 0-0: Ball
1-0: Grounds into double play, 5-4-3 (Groundball, 56)
Bottom of the 8th over - 0 run(s), 0 hit(s), 0 error(s), 0 left on base; Buckhead 2 - New Amsterdam 3
TOP OF THE 9TH
Buckhead Bowties batting - Pitching for New Amsterdam Republics : RHP Bobby Swain
Pitching: RHP Ramón Lara
Now at 1B: Pedro Torrez
Batting: RHB Gabriel Rodríguez 0-0: Ball
1-0: Foul Ball, location: 2F
1-1: Ball
2-1: Swinging Strike
2-2: Ball
3-2: Strikes out looking
Batting: LHB Mysterious Walker 0-0: Called Strike
0-1: Fly out, F8 (Flyball, 8RM)
Batting: LHB Harrison Jones 0-0: Ball
1-0: Foul Ball, location: 2F
1-1: SINGLE (Groundball, 34D)
Batting: RHB Enrique Marroquín 0-0: Foul Ball, location: 2F
0-1: Swinging Strike
0-2: Ball
1-2: SINGLE (Line Drive, 9S)
Harrison Jones to second
Runner from 2nd tries for 3rd, SAFE, throw made to third
Enrique Marroquín to second
Batting: RHB Chris Smith 0-0: Swinging Strike
0-1: Foul Ball, location: 2F
0-2: Ball
1-2: Ball
2-2: Foul Ball, location: 2F
2-2: Strikes out swinging
Top of the 9th over - 0 run(s), 2 hit(s), 0 error(s), 2 left on base; Buckhead 2 - New Amsterdam 3
Friday, December 30th, 2016 - OOTP Baseball 17.12 Build 75